 Dungeon Crawl Stone Soup version 0.30-a0-1094-g860fb061e7 (webtiles) character file.

Game seed: 4070595068096347484

65 BlasphemerAmon the Ducker (level 4, -6/41 HPs)
             Began as a Gnoll Monk on Apr 18, 2023.
             Mangled by Terence
             ... wielding a +0 flail
              (7 damage)
             ... on level 3 of the Dungeon.
             The game lasted 00:02:47 (704 turns).

BlasphemerAmon the Ducker (Gnoll Monk)               Turns: 704, Time: 00:02:47

Health: -6/41      AC:  3    Str: 12    XL:     4   Next: 14%
Magic:  5/5        EV: 15    Int: 10    God:
Gold:   87         SH:  0    Dex: 14    Spells: 5/5 levels left

rFire   . . .      SeeInvis .    a - +0 falchion
rCold   . . .      Faith    .    d - orb {light}
rNeg    + . .      Spirit   .    b - +0 robe
rPois   .          Reflect  .    (no helmet)
rElec   .          Rampage  .    (no cloak)
rCorr   .                        i - +0 pair of gloves "Vuuqe" {+Blink Fly rN+}
Will    .....                    (no boots)
Stlth   +                        (no amulet)
HPRegen 0.26/turn                (no ring)
MPRegen 0.09/turn                (no ring)

@: flying, glowing
A: fangs 1, strong nose, distributed training
a: Evoke Blink


You were on level 3 of the Dungeon.
You visited 1 branch of the dungeon, and saw 3 of its levels.

You collected 87 gold pieces.

Inventory:

Hand Weapons
 a - a +0 falchion (weapon)
Armour
 b - a +0 robe (worn)
 d - an orb of light (worn)
 i - the +0 pair of gloves "Vuuqe" (worn) {+Blink Fly rN+}
   (You found it on level 2 of the Dungeon)

   rN:        It protects you from negative energy.
   Fly:       It grants you flight.
   +Blink:    It lets you blink.
Scrolls
 e - a scroll of identify {unknown}
 f - 2 scrolls of poison {unknown}
 h - 3 scrolls of vulnerability {unknown}
 k - a scroll of immolation {unknown}
Potions
 c - a potion of ambrosia
 g - 2 potions of heal wounds {unknown}
 j - 2 potions of brilliance {unknown}


   Skills:
 + Level 6.6 Fighting
 + Level 1.1 Short Blades
 + Level 6.6 Long Blades
 + Level 1.1 Axes
 + Level 1.1 Maces & Flails
 + Level 1.1 Polearms
 + Level 1.1 Staves
 + Level 1.1 Ranged Weapons
 + Level 1.1 Throwing
 + Level 1.1 Armour
 + Level 6.6 Dodging
 + Level 1.1 Stealth
 + Level 1.1 Shields
 + Level 1.1 Unarmed Combat
 + Level 1.1 Spellcasting
 + Level 0.8 Conjurations
 + Level 0.8 Hexes
 + Level 0.8 Summonings
 + Level 0.8 Necromancy
 + Level 0.8 Translocations
 + Level 0.8 Transmutations
 + Level 0.8 Fire Magic
 + Level 0.8 Ice Magic
 + Level 0.8 Air Magic
 + Level 0.8 Earth Magic
 + Level 0.8 Poison Magic
 + Level 1.2 Invocations
 + Level 1.1 Evocations


You had 5 spell levels left.
You didn't know any spells.
Your spell library contained the following spells:

 Spells                   Type           Power      Damage    Failure   Level
 Summon Guardian Golem    Hex/Summ       2%         N/A       58%         3
 Orb of Destruction       Conj           1%         9d5       100%        7
 Spellforged Servitor     Conj/Summ      1%         N/A       100%        7


Dungeon Overview and Level Annotations

Branches:
Dungeon (3/15)

Altars:

Annotations:
D:3 Terence


Innate Abilities, Weirdness & Mutations

You have very sharp teeth.
Your uncanny sense of smell can sniff out nearby items.
Your experience applies equally to all skills.


Message History

Things that are here:
a +0 hand axe; a +0 leather armour; an orc corpse You see here a +0 robe.
You see here 5 stones.
Found 5 stones.
A quokka comes into view.
You hit the quokka.
The quokka is heavily wounded.
The quokka closely misses you.
You closely miss the quokka.
The quokka is heavily wounded.
The quokka closely misses you.
You hit the quokka. Your bite misses the quokka.
The quokka is almost dead.
The quokka completely misses you.
You hit the quokka.
You kill the quokka!
Found 9 gold pieces.
You now have 87 gold pieces (gained 9).
Terence the Incautious comes into view.
He is wielding a +0 flail and wearing a +3 scale mail of cold resistance.
Terence shouts!
Found a stone staircase leading up.
Terence closely misses you. Terence hits you with a +0 flail.
Terence hits you with a +0 flail! Terence closely misses you.
You hit Terence but do no damage. Terence hits you but does no damage.
You hit Terence.
Terence is lightly wounded.
Terence hits you with a +0 flail!
You hit Terence.
Terence is moderately wounded.
Terence hits you with a +0 flail!
* * * LOW HITPOINT WARNING * * *
You slash Terence!
Terence is severely wounded.
Terence hits you with a +0 flail!
* * * LOW HITPOINT WARNING * * *
Terence misses you. Terence attacks as you move away!
Terence hits you with a +0 flail!
You die...

### ##.#### #.#....
##############.####
#..............#
#.##############
#.######..
#.@......# #
#@.####### #.####
#..# ###..... #..#
#....... #..#
#.#####. #..# #.
#..# ∆ #. ..<# ##
####


You could see Terence.

Vanquished Creatures
  4 adders
  2 worms (D:3)
  A dart slug (D:2)
  An orc (D:3)
  A ball python (D:3)
  2 giant cockroaches
  2 goblins (D:2)
  2 hobgoblins
  2 quokkas (D:3)
  2 bats
  A kobold (D:2)
  2 rats (D:2)
22 creatures vanquished.

Notes
Turn   | Place    | Note
-------+----------+-------------------------------------------
     0 | D:1      | BlasphemerAmon the Gnoll Monk began the quest for the Orb.
     0 | D:1      | Reached XP level 1. HP: 23/23 MP: 1/1
   163 | D:2      | Reached XP level 2. HP: 28/29 MP: 2/2
   275 | D:2      | Reached XP level 3. HP: 27/35 MP: 2/4
   325 | D:2      | Identified the +0 pair of gloves "Vuuqe" {+Blink Fly rN+}
   371 | D:3      | Reached skill level 1 in Invocations
   399 | D:3      | Reached skill level 1 in Short Blades
   399 | D:3      | Reached skill level 1 in Axes
   399 | D:3      | Reached skill level 1 in Maces & Flails
   399 | D:3      | Reached skill level 1 in Polearms
   399 | D:3      | Reached skill level 1 in Staves
   399 | D:3      | Reached skill level 1 in Ranged Weapons
   399 | D:3      | Reached skill level 1 in Throwing
   399 | D:3      | Reached skill level 1 in Armour
   399 | D:3      | Reached skill level 1 in Stealth
   399 | D:3      | Reached skill level 1 in Shields
   399 | D:3      | Reached skill level 1 in Unarmed Combat
   399 | D:3      | Reached skill level 1 in Spellcasting
   399 | D:3      | Reached skill level 1 in Evocations
   587 | D:3      | Reached XP level 4. HP: 38/41 MP: 5/5
   693 | D:3      | Noticed Terence
   702 | D:3      | HP: 1/41 [Terence/+0 flail (8)]
   704 | D:3      | Mangled by Terence

Illustrated notes

Levels and vault maps discovered:
D:1:      psy_arrival_radial02, layout_basic
D:2:      layout_rooms, ebering_ecumenical_altar_box
D:3:      layout_loops_ring, grunt_ministairs_10, kennysheep_cluttered_room,
          uniq_natasha, uniq_terence, uniq_crazy_yiuf_cottage

Skill      XL: |  1  2  3 |
---------------+----------+-----
Invocations    | 1 |  1.2
Short Blades   | 1 |  1.1
Axes           | 1 |  1.1
Maces & Flails | 1 |  1.1
Polearms       | 1 |  1.1
Staves         | 1 |  1.1
Ranged Weapons | 1 |  1.1
Throwing       | 1 |  1.1
Armour         | 1 |  1.1
Stealth        | 1 |  1.1
Shields        | 1 |  1.1
Unarmed Combat | 1 |  1.1
Spellcasting   | 1 |  1.1
Evocations     | 1 |  1.1
Fighting       | |  6.6
Long Blades    | |  6.6
Dodging        | |  6.6
Conjurations   | |  0.8
Hexes          | |  0.8
Summonings     | |  0.8
Necromancy     | |  0.8
Translocations | |  0.8
Transmutations | |  0.8
Fire Magic     | |  0.8
Ice Magic      | |  0.8
Air Magic      | |  0.8
Earth Magic    | |  0.8
Poison Magic   | |  0.8

Action                     |  1- 3 |  4- 6 || total
---------------------------+-------+-------++-------
  Melee: Falchion          |    68 |    12 ||    80
         Bite              |     6 |       ||     6
Ability: Evoke Blink       |     2 |       ||     2
 Armour: Robe              |    17 |     2 ||    19
  Dodge: Dodged            |    62 |     9 ||    71

Table legend: (Time is in decaauts)
 A = Elapsed time spent in this place.
 B = Non-inter-level travel time spent in this place.
 C = Inter-level travel time spent in this place.
 D = Time resting spent in this place.
 E = Time spent auto-exploring this place.
 F = Levels seen in this place.
 G = Mean time per level.
                   A        B        C        D        E       F      G
               +--------+--------+--------+--------+--------+-----+--------+
         Total |    701 |    620 |     81 |      0 |      0 |   3 |  233.7 |
       Dungeon |    701 |    620 |     81 |      0 |      0 |   3 |  233.7 |
               +--------+--------+--------+--------+--------+-----+--------+

Top non-repeatable levels by time:
     D:3: 334 daAuts
     D:2: 254 daAuts
     D:1: 113 daAuts
